 Dungeon Crawl Stone Soup version 0.29.1-13-g9f3cf754e1 (webtiles) character file.

Game seed: 993680633930642802

32 growler the Insei (level 3, -5/23 HPs)
             Began as an Octopode Transmuter on Jan 20, 2023.
             Slain by a goblin
             ... wielding a +0 club
             ... led by Robin
              (6 damage)
             ... on level 2 of the Dungeon.
             The game lasted 00:03:01 (1523 turns).

growler the Insei (Octopode Transmuter)             Turns: 1523, Time: 00:03:02

Health: -5/23      AC:  1    Str: 11    XL:     3   Next: 25%
Magic:  5/6        EV: 13    Int: 15    God:
Gold:   87         SH:  0    Dex: 12    Spells: 5/6 levels left

rFire   + . .      SeeInvis .     - Unarmed
rCold   . . .      Faith    .   (no shield)
rNeg    . . .      Spirit   .   (helmet currently unavailable)
rPois   .          Reflect  .   (no amulet)
rElec   .          Harm     .   g - ring of protection from fire
rCorr   .          Rampage  .   (no ring)
Will    .....                   (no ring)
Stlth   ++........              (no ring)
HPRegen 0.07/turn               (no ring)
MPRegen 0.10/turn               (no ring)
                                (no ring)
                                (no ring)

@: about to teleport, appendages (expiring)
A: tentacle spike 3, almost no armour, amphibious, 8 rings, camouflage 1,
gelatinous body 1, (nimble swimmer 1), tentacles
a: End Transformation


You were on level 2 of the Dungeon.
One of your tentacles had grown a beastly spike.
You visited 1 branch of the dungeon, and saw 2 of its levels.

You collected 87 gold pieces.

Inventory:

Jewellery
 g - a ring of protection from fire (left tentacle)
Scrolls
 c - a scroll of poison {unknown}
 e - a scroll of summoning {unknown}
 k - a scroll of blinking {unknown}
Potions
 a - a potion of lignification
 b - 2 potions of curing {unknown}
 f - 2 potions of attraction {unknown}
 h - a potion of berserk rage {unknown}
 i - a potion of haste {unknown}
 j - a potion of ambrosia {unknown}


   Skills:
 - Level 1.0 Fighting
 - Level 2.0 Dodging
 * Level 3.7 Unarmed Combat
 + Level 2.3 Spellcasting
 + Level 2.4 Transmutations


You had 5 spell levels left.
You knew the following spells:

 Your Spells              Type           Power      Damage    Failure   Level
a - Beastly Appendage     Tmut           18%        N/A       8%          1

Your spell library contained the following spells:

 Spells                   Type           Power      Damage    Failure   Level
 Wereblood                Tmut           9%         N/A       12%         2
 Spider Form              Tmut/Pois      5%         N/A       36%         3
 Ice Form                 Ice/Tmut       5%         N/A       78%         4


Dungeon Overview and Level Annotations

Branches:
Dungeon (2/15)

Altars:

Shops:
D:1 *

Annotations:
D:2 Robin


Innate Abilities, Weirdness & Mutations

One of your tentacles has grown a beastly spike.
You cannot wear most types of armour.
You are amphibious.
You can wear up to eight rings at the same time.
Your skin changes colour to match your surroundings (Stealth+).
Your rubbery body absorbs attacks. (AC +1, EV +1)
((You are camouflaged when in or above water. (Stealth+)))
You have tentacles for arms and can constrict up to eight enemies at once.


Message History

You kill the goblin!
You barely miss the goblin. Your grab misses the goblin.
You pierce the goblin.
You kill the goblin!
Your tentacle spike disappears.
Robin roars a battlecry!
The goblins go into a battle-frenzy!
The hobgoblin hits you.
You see here a +0 dagger.
The hobgoblin attacks as you move away! The hobgoblin misses you.
Robin throws the goblin at you! The goblin barely misses you.
Casting: Beastly Appendage (safe; 8% risk of failure)
Confirm with . or Enter, or press ? or * to list all spells.
One of your tentacles grows a vicious spike.
The hobgoblin hits you. The goblin barely misses you.
You tentacle-slap the goblin.
You kill the goblin!
Robin throws the goblin at you! The hobgoblin hits you.
The goblin hits you with a +0 club.
You tentacle-slap the goblin.
You kill the goblin!
The hobgoblin barely misses you.
You tentacle-slap the hobgoblin. You grab the hobgoblin.
The hobgoblin is lightly wounded.
You constrict the hobgoblin. Robin throws the goblin at you!
The hobgoblin misses you. The goblin hits you with a +0 club.
You barely miss the goblin. Your grab misses the goblin.
Your tentacle spike misses the goblin.
You constrict the hobgoblin, but do no damage.
Robin's bangles clink loudly.
Robin throws the goblin at you! The hobgoblin barely misses you.
The goblin hits you with a +0 club!
* * * LOW HITPOINT WARNING * * *
You release your grip on the hobgoblin.
Your transformation is almost over.
The goblin misses you. The goblin barely misses you.
As you read the scroll of teleportation, it crumbles to dust.
You feel strangely unstable. The goblin barely misses you.
The goblin hits you with a +0 club.
You die... #.g)g# #..#.## #gg.#..# #gg.##g# #..g# #g# #.gg #g# #.g. ##.## ######## ...# #ggg#

#......# #@..#
#......# #...#
#......# #...#
#......# #...#
#......# #...#
#......# #(..#
####......#
#...###......####
#.>..........#
#.<..##......#


You could see Robin, a hobgoblin (strong) and 4 goblins.

Vanquished Creatures
  A dart slug (D:1)
  3 endoplasms (D:1)
  10 goblins
  3 hobgoblins
  2 quokkas (D:1)
  3 bats (D:1)
  4 frilled lizards
26 creatures vanquished.

Notes
Turn   | Place    | Note
-------+----------+-------------------------------------------
     0 | D:1      | growler the Octopode Transmuter began the quest for the
                  | Orb.
     0 | D:1      | Reached XP level 1. HP: 13/13 MP: 3/3
   369 | D:1      | Reached XP level 2. HP: 18/18 MP: 3/5
   404 | D:1      | Found Imnoonue's Assorted Antiques.
  1346 | D:2      | Reached XP level 3. HP: 22/23 MP: 6/6
  1506 | D:2      | Noticed Robin
  1520 | D:2      | HP: 1/23 [goblin/+0 club[Robin] (7)]
  1523 | D:2      | Slain by a goblin

Illustrated notes

Levels and vault maps discovered:
D:1:      lemuel_arrival_tunnels, layout_loops_cross, serial_shops, shop,
          minmay_misc_feat_four_crosses
D:2:      layout_rooms, serial_shops, nicolae_shop_bloodbath_and_beyond,
          eino_curves_04, uniq_natasha, uniq_terence, uniq_robin

Action                   || total
-------------------------++-------
Melee: Unarmed           ||    53
       Constrict         ||    10
       Kick              ||     5
       Tentacles         ||     5
       Punch             ||     2
 Cast: Beastly Appendage ||     8
  Use: Scroll            ||     2
 Stab: Sleeping          ||     6
Armor: Skin              ||     2
Dodge: Dodged            ||    29
